 Dungeon Crawl Stone Soup version 0.28.0-49-g6dfe1f597d (console) character file.

Game seed: 207337131668922180

94 Faeu the Skirmisher (level 4, 0/61 HPs)
             Began as a Minotaur Berserker on May 16, 2022.
             Was a Believer of Trog.
             Succumbed to an adder's poison
             ... on level 3 of the Dungeon.
             The game lasted 00:01:06 (2283 turns).

Faeu the Skirmisher (Minotaur Berserker)            Turns: 2283, Time: 00:01:06

Health: 0/61       AC:  2    Str: 24    XL:     4   Next: 38%
Magic:  3/3        EV: 12    Int:  4    God:    Trog [**....]
Gold:   47         SH:  0    Dex:  9    Spells: 3/3 levels left

rFire   . . .      SeeInvis .   a - +0 hand axe {axe}
rCold   . . .      Faith    .   (no shield)
rNeg    . . .      Spirit   .   b - +0 animal skin
rPois   .          Reflect  .   (helmet restricted)
rElec   .          Harm     .   (no cloak)
rCorr   .          Rampage  .   (no gloves)
Will    .....                   (no boots)
Stlth   ..........              (no amulet)
HPRegen 0.20/turn               (no ring)
MPRegen 0.08/turn               (no ring)

@: berserking (expiring), lethally poisoned (0 -> -5), very quick
A: horns 2, retaliatory headbutt
a: Renounce Religion, Berserk, Trog's Hand


You were on level 3 of the Dungeon.
You worshipped Trog.
Trog was pleased with you.
You visited 1 branch of the dungeon, and saw 3 of its levels.

You collected 47 gold pieces.


Innate Abilities, Weirdness & Mutations

You have a pair of horns on your head.
You reflexively headbutt those who attack you in melee.


   Skills:
 + Level 4.4 Fighting
 + Level 4.4 Axes
 + Level 3.5 Armour
 + Level 3.1 Dodging


You had 3 spell levels left.
You didn't know any spells.
Your spell library contained the following spells:

 Spells                   Type           Power      Damage    Failure   Level
 Sandblast                Erth           0%         2d4       50%         1
 Summon Small Mammal      Summ           0%         N/A       50%         1
 Passwall                 Tmut/Erth      0%         N/A       65%         2
 Call Canine Familiar     Summ           0%         N/A       86%         3
 Stone Arrow              Conj/Erth      0%         3d7       86%         3
 Summon Guardian Golem    Hex/Summ       0%         N/A       86%         3

Inventory:

Hand Weapons
 a - a +0 hand axe (weapon) {axe}
Armour
 b - a +0 animal skin (worn)
Jewellery
 f - a ring of wizardry
   (You found it on level 1 of the Dungeon)
 g - a ring of wizardry
   (You found it on level 1 of the Dungeon)
Scrolls
 c - a scroll of teleportation {unknown}
 d - a scroll of enchant weapon {unknown}
 e - 3 scrolls of identify {unknown}
 h - a scroll of fear {unknown}
 j - a scroll of blinking {unknown}
 k - a scroll of immolation {unknown}
Potions
 i - 2 potions of curing {unknown}

Dungeon Overview and Level Annotations

Branches:
Dungeon (3/15)

Altars:

#. ### #. #<# # #.
#†# #.#. #.# ##.#.
#.#
###..>.##########.#
#........@........#
.##.#..###########
#....†......
>...........#..
.#.............
#.######.##### # S.
... .bw.


There were no monsters in sight!


Message History

😕 HP[-1]
You take 1 damage, and now have 33/41 hp.
You feel sick. 😕 HP[-1]
You take 1 damage, and now have 32/41 hp.
You hit the quokka. Your headbutt misses the quokka.
You feel sick.
You are no longer poisoned.
The quokka closely misses you. You furiously retaliate!
You headbutt the quokka!
You kill the quokka!
Trog accepts your kill. 😮 HP[-2]
You take 2 damage, and now have 30/41 hp.
You closely miss the adder. The adder bites you. 😮 HP[-2]
You take 2 damage, and now have 28/41 hp.
You barely miss the adder. The adder bites you.
You are poisoned.
The adder poisons you! The adder barely misses you. 😮 HP[-3]
You take 3 damage, and now have 25/41 hp.
You closely miss the adder.
You feel sick.
The adder completely misses you. 😮 HP[-2]
You take 2 damage, and now have 23/41 hp.
You slash the adder!
You feel sick. The adder bites you.
* * * LOW HITPOINT WARNING * * *
The adder bites you.
* * * LOW HITPOINT WARNING * * *
😨 HP[-7]
You take 7 damage, and now have 16/41 hp.
You barely miss the adder. You headbutt the adder.
You feel sick. The adder bites you.
* * * LOW HITPOINT WARNING * * *
You are more poisoned.
The adder poisons you! 😨 HP[-2]
You take 2 damage, and now have 14/41 hp.
A red film seems to cover your vision as you go berserk!
You feel yourself moving faster!
You feel mighty!
You feel sick. The adder bites you.
* * * LOW HITPOINT WARNING * * *
You are more poisoned.
The adder poisons you! 😨 HP[+4]
You now have 61 max hp (+20).
You regained 4 hp, and now have 18/61 hp.
You hit the adder.
You kill the adder!
Trog accepts your kill.
You feel very sick. 😱 HP[-3]
You take 3 damage, and now have 15/61 hp.
You miss the adder.
You feel sick. The adder barely misses you. The adder bites you.
* * * LOW HITPOINT WARNING * * *
You are lethally poisoned!
The adder poisons you! 😱 HP[-4]
You take 4 damage, and now have 11/61 hp.
You slash the adder!
You kill the adder!
Trog accepts your kill.
* * * LOW HITPOINT WARNING * * *
You feel sick. 😱 HP[-2]
You take 2 damage, and now have 9/61 hp.
* * * LOW HITPOINT WARNING * * *
You feel sick. The worm barely misses you.
You see here an adder corpse. 😱 HP[-2]
You take 2 damage, and now have 7/61 hp.
You barely miss the worm.
* * * LOW HITPOINT WARNING * * *
You feel sick. 😱 HP[-2]
You take 2 damage, and now have 5/61 hp.
You slash the worm!
* * * LOW HITPOINT WARNING * * *
You feel sick.
The worm bites you but does no damage. 😱 HP[-1]
You take 1 damage, and now have 4/61 hp.
You barely miss the worm.
* * * LOW HITPOINT WARNING * * *
You feel sick. 😱 HP[-2]
You take 2 damage, and now have 2/61 hp.
You slash the worm!
You kill the worm!
Trog accepts your kill.
* * * LOW HITPOINT WARNING * * *
You feel sick. 😱 HP[-1]
You take 1 damage, and now have 1/61 hp.
You slash the worm!
* * * LOW HITPOINT WARNING * * *
You feel sick. The worm closely misses you.
You slice the worm!!
You kill the worm!
Trog accepts your kill.
You die...

Skill      XL: |  1  2  3 |
---------------+----------+-----
Axes           | 4 |  4.4
Armour         | 3 |  3.5
Fighting       | 4 |  4.4
Dodging        | 3 |  3.1

Action                   |  1- 3 |  4- 6 || total
-------------------------+-------+-------++-------
Melee: Hand axe          |    65 |    17 ||    82
       Headbutt          |     7 |     1 ||     8
       Punch             |     2 |       ||     2
Invok: Berserk           |     1 |     1 ||     2
Armor: Animal skin       |    10 |     4 ||    14
Dodge: Dodged            |    38 |    12 ||    50

Levels and vault maps discovered:
D:1:      tarquinn_simple_flora_water_f, layout_loops_corners
D:2:      layout_loops_ring, uniq_robin
D:3:      gammafunk_wand_slinger, layout_basic,
          nicolae_gozag_cash_rules_everything_around_me, minmay_vboxes,
          uniq_jessica

Notes
Turn   | Place    | Note
-------+----------+-------------------------------------------
     0 | D:1      | Faeu the Minotaur Berserker began the quest for the Orb.
     0 | D:1      | Reached XP level 1. HP: 19/19 MP: 0/0
     0 | D:1      | magus.rc [v1.9.6]
   315 | D:1      | You pick up a book of Geomancy {forbidden} and begin
                  | reading...
   315 | D:1      | You add the spells Sandblast, Passwall and Stone Arrow to
                  | your library.
   386 | D:1      | Reached XP level 2. HP: 23/27 MP: 1/1
  1239 | D:2      | You pick up a book of Callings {forbidden} and begin
                  | reading...
  1239 | D:2      | You add the spells Summon Small Mammal, Call Canine
                  | Familiar and Summon Guardian Golem to your library.
  1274 | D:2      | Reached skill level 4 in Axes
  1274 | D:2      | Reached skill level 3 in Armour
  1304 | D:2      | Reached skill level 4 in Fighting
  1304 | D:2      | Reached XP level 3. HP: 14/33 MP: 2/2
  1497 | D:2      | Noticed Robin
  1514 | D:2      | Reached ** piety under Trog
  1519 | D:2      | Killed Robin
  2124 | D:2      | Reached skill level 3 in Dodging
  2247 | D:3      | Reached XP level 4. HP: 41/41 MP: 3/3
  2274 | D:3      | HP: 15/61 [poisoned by an adder]
  2277 | D:3      | HP: 7/61 [poisoned by an adder]
  2280 | D:3      | HP: 2/61 [poisoned by an adder]
  2283 | D:3      | Succumbed to an adder's poison

Vanquished Creatures
  Robin (D:2)
  3 adders
  3 worms
  2 dart slugs
  5 ball pythons
  2 endoplasms (D:2)
  2 giant cockroaches (D:2)
  10 goblins
  4 hobgoblins
  A quokka (D:3)
  3 bats
  4 frilled lizards
  5 kobolds
  2 rats
47 creatures vanquished.

Table legend:
 A = Non-vault XP
 B = Vault XP
 C = Vault XP percentage of total XP
 D = Non-vault monster count
 E = Vault monster count
 F = Vault count percentage of total count
                 A         B        C        D         E       F
            +---------+---------+-------+---------+---------+-------
      Total |     105 |      35 |  25.0 |      35 |      12 |  25.5
            +---------+---------+-------+---------+---------+-------
        D:1 |      19 |       0 |   0.0 |      12 |       0 |   0.0
        D:2 |      42 |      35 |  45.5 |      15 |      12 |  44.4
        D:3 |      44 |       0 |   0.0 |       8 |       0 |   0.0
            +---------+---------+-------+---------+---------+-------

Illustrated notes

Table legend:
 A = Kills in this place as a percentage of kills in entire the game.
 B = Kills by you in this place as a percentage of kills by you in the entire game.
 C = Kills by friends in this place as a percentage of kills by friends in the entire game.
 D = Other kills in this place as a percentage of other kills in the entire game.
 E = Experience gained in this place as a percentage of experience gained in the entire game.
 F = Experience gained in this place divided by the number of levels of this place that you have seen.
                   A       B       C       D       E      F
               +-------+-------+-------+-------+-------+----------------------
         Total | 100.0 | 100.0 |   N/A |   N/A | 100.0 |  46.7
       Dungeon | 100.0 | 100.0 |   N/A |   N/A | 100.0 |  46.7
               +-------+-------+-------+-------+-------+----------------------

Table legend: (Time is in decaauts)
 A = Elapsed time spent in this place.
 B = Non-inter-level travel time spent in this place.
 C = Inter-level travel time spent in this place.
 D = Time resting spent in this place.
 E = Time spent auto-exploring this place.
 F = Levels seen in this place.
 G = Mean time per level.
                   A        B        C        D        E       F      G
               +--------+--------+--------+--------+--------+-----+--------+
         Total |   2300 |   2253 |     47 |    159 |   1882 |   3 |  766.7 |
       Dungeon |   2300 |   2253 |     47 |    159 |   1882 |   3 |  766.7 |
               +--------+--------+--------+--------+--------+-----+--------+

Top non-repeatable levels by time:
     D:2: 1146 daAuts
     D:1: 1118 daAuts
     D:3: 35 daAuts
